[Event "44th Chess Olympiad Open 2022"]
[Site "Chennai"]
[Date "2022.08.02"]
[Round "5.71"]
[White "Adeshole Beckley, Brian"]
[Black "Coulibaly, Abdoulaye"]
[Result "0-1"]
[ECO "D15"]
[WhiteElo "1590"]
[BlackElo "1936"]
[Annotator "TA"]
[PlyCount "133"]
[EventDate "2022.07.29"]
[EventType "team-tourn"]
[EventCountry "IND"]
[SourceTitle "playchess.com"]
[Source "ChessBase"]
[SourceQuality "1"]
[WhiteTeam "SLE"]
[BlackTeam "Mali"]
[BlackTeamCountry "MLI"]
[TimeControl "40/5400+30:1800+30"]

1. d4 d5 2. c4 c6 3. Nc3 Nf6 4. Nf3 Bg4 5. Qb3 b6 $2 (5... Qb6 $11 {and Black is okay.}) 6. Ne5 {[%emt 0:04:09] D15: Slav Defence: 4 Nc3 a6 and gambit lines after 4 Nc3 dxc4.} (6. cxd5 $1 $18 {Threatens to win with e4.} Bxf3 7. exf3 (7. gxf3 Nxd5 8. e4 Nxc3 $16)) 6... e6 $16 7. Bg5 Bf5 {[%emt 0:01:38] [#]} (7... dxc4 $16 8. Qxc4 b5) 8. g4 $146 {[%emt 0:03:31] White is clearly better.} ({Predecessor:} 8. Qa4 Qc7 9. Rc1 dxc4 10. Qxc4 a6 11. g3 Ne4 12. Bf4 Bd6 13. Bg2 b5 14. Qb3 {1-0 (43) De la Paz Vento,M (1545)-Marcheco Pimentel,J Camaguey 2018}) 8... Bg6 (8... Be4 $16 9. f3 (9. Nxe4 dxe4 10. O-O-O Qc7 $16) 9... dxc4 10. Nxc4 (10. Qxc4 b5 $11) 10... Bg6) 9. O-O-O (9. cxd5 $18 exd5 10. Bg2) 9... Be7 (9... dxc4 $1 $14 {feels stronger.} 10. Qxc4 b5) 10. Bg2 O-O 11. h4 h6 $2 (11... Be4 $16) 12. Nxg6 fxg6 13. Bxf6 Rxf6 14. f3 (14. cxd5 $18 {and the rest is easy.} Rxf2 15. d6 Bxd6 16. Qxe6+ Kh7 17. Bf3 (17. Be4 Qf6 $18)) 14... Rf8 15. h5 (15. cxd5 $16 cxd5 16. e4) 15... g5 (15... Na6 $14) 16. e4 (16. cxd5 $16 cxd5 17. e4) 16... dxc4 17. Qxc4 Qc8 18. Ne2 (18. Kb1 $14) 18... b5 (18... c5 $11) 19. Qb3 (19. Qc2 $14) 19... a5 $1 $11 20. Qd3 Na6 21. a3 {[%emt 0:00:35] Prevents Nb4.} (21. Kb1 $15) 21... a4 $19 22. Rhf1 (22. e5 $142 b4 23. Kd2) 22... b4 $1 23. f4 bxa3 24. bxa3 Rb8 25. Kd2 Rb3 26. Qc4 Bxa3 (26... Rxa3 27. Ra1 $17) 27. Ke1 ({But not} 27. Qxa4 Bb4+ 28. Kc1 Ra3 $19) 27... Rb2 28. f5 Kh8 $2 ({Black should play} 28... c5 $1 $19 29. d5 exd5 30. exd5 Rb4) 29. Rf2 $2 (29. Qxa4 $15 Bd6 30. Rf2) 29... exf5 30. exf5 c5 $2 ({Better is} 30... Nb4 $19 {Strongly threatening ...Nc2+.} 31. Kf1 Nc2) 31. Kf1 {[%emt 0:04:49] [#]} (31. Qxa4 $15 Bb4+ 32. Kf1) 31... Bb4 $2 (31... cxd4 $1 $19 32. Qxc8 Rxc8 33. Nxd4 Rxf2+ 34. Kxf2 Nb4) 32. Bf3 $2 (32. f6 $1 $11 {and White has nothing to worry.}) 32... a3 33. d5 Re8 $2 ({Black should try} 33... Nb8 $19 {Hoping for ...Nd7.} 34. Nc1 Nd7) 34. Nc3 (34. f6 $1 $15 gxf6 35. Qd3) 34... Re3 {[%emt 0:01:36] The board is on fire.} 35. Na2 {[%emt 0:01:24][%mdl 8192] [#]} (35. d6 $15 Bxc3 36. d7) 35... Qe8 $1 36. Nxb4 (36. Rxb2 axb2) 36... cxb4 $2 (36... Nxb4 $19 37. f6 gxf6 38. Rxb2 axb2) 37. Rxb2 $4 (37. Qxa6 $11 Qe5 38. f6 Rxf2+ 39. Kxf2 Rxf3+ 40. Kxf3 Qf4+ 41. Ke2 Qe5+ 42. Kd3 Qxd5+ 43. Ke2 (43. Kc2 Qa2+ 44. Kd3 Qd5+ 45. Ke2 Qe5+ 46. Kf1 Qf4+ 47. Ke1 Qg3+ 48. Kd2 Qc3+ 49. Ke2 Qe5+ 50. Kf3 Qf4+ 51. Ke2 Qe5+ $11) 43... Qe5+ 44. Kf3 Qf4+ 45. Ke2 Qe5+ 46. Kf3 Qf4+ 47. Ke2 Qe5+) 37... axb2 38. Kf2 {[%emt 0:04:38] [#]} Rc3 $1 39. Qe4 {[%emt 0:01:20] Against Qe3+} (39. Qd4 Nc5) 39... Qxe4 40. Bxe4 {[%emt 0:00:08][%mdl 4096] Endgame KRB-KRN} Rc1 (40... Nc5 $142 41. Bb1 Rc1) 41. Ke2 (41. f6 $142 gxf6 42. Ke2) 41... Nc5 42. Bb1 Na4 43. Kd2 Rc5 ({Not} 43... Nc5 44. d6 $19) (43... Rxd1+ $142 44. Kxd1 Nc3+ 45. Kc2 Nxd5 46. Kxb2 Nf6) 44. d6 Nb6 (44... Nc3 $142 {( -> ...Rd5+)} 45. Rg1 Rd5+ 46. Kc2 Rxd6) 45. Ke3 $2 (45. Ba2 Ra5 46. Bb1) 45... Rc1 46. Ke2 Na4 47. Kd2 {[%emt 0:02:52] White wants to mate with d7.} Rc8 $2 (47... Nc5 $19 {...Kg8 is the strong threat.} 48. Re1 Kh7 49. f6+ Kg8) 48. d7 $11 Rd8 49. Kc2 Nc5 50. Kxb2 $2 {[%emt 0:01:09][%mdl 8192] White is now going downhill.} (50. Rd5 $11 Ne4 51. Rd4 (51. Kxb2 Nf6 $11)) 50... Rxd7 $19 51. Rxd7 Nxd7 $11 {[%emt 0:00:58] KB-KN} 52. Bc2 Nc5 53. Bb3 Nd3+ 54. Kb1 Nf2 55. Kc2 Nxg4 56. Kd3 Nf6 57. Bf7 g4 58. Ke3 b3 $2 (58... g3 {aiming for ...Ng4+.} 59. Kf3 {[#]} Ne4 $1 ) 59. Bxb3 $19 Nxh5 {[%emt 0:00:10] White must now prevent ...Kh7.} 60. Bd1 $2 (60. Kf2) 60... Nf6 61. Kf4 Kg8 62. Bxg4 Nxg4 {[%emt 0:00:02] Black mates.} 63. Kxg4 Kf7 64. Kf3 Kf6 65. Kf4 h5 66. Ke4 Kg5 67. Kd4 {[%emt 0:11:27] Weighted Error Value: White=1.58/Black=0.82} 0-1

[Event "44th Chess Olympiad Open 2022"]
[Site "Chennai"]
[Date "2022.08.02"]
[Round "5.72"]
[White "Forbes, Garry"]
[Black "Albury, Noah"]
[Result "0-1"]
[ECO "D00"]
[WhiteElo "1908"]
[BlackElo "1324"]
[Annotator "TA"]
[PlyCount "72"]
[EventDate "2022.07.29"]
[EventType "team-tourn"]
[EventCountry "IND"]
[SourceTitle "playchess.com"]
[Source "ChessBase"]
[SourceQuality "1"]
[WhiteTeam "Channel Islands"]
[BlackTeam "Bahamas"]
[WhiteTeamCountry "JCI"]
[BlackTeamCountry "BAH"]
[TimeControl "40/5400+30:1800+30"]

1. d4 Nf6 2. Nc3 d5 3. Bf4 a6 4. e3 Bf5 5. f3 e6 6. g4 {[%emt 0:00:00][%cal Bg2g4,Bg4g5][%mdl 32] D00: 1 d4 d5: Unusual lines.} Bg6 7. h4 h5 8. g5 {[%emt 0:00:00] The position is equal.} Nfd7 9. Bd3 Bxd3 10. Qxd3 g6 (10... Nb6 $11) 11. Nge2 (11. e4 $14 Nb6 12. exd5 Nxd5 13. Be5 (13. Nxd5 exd5 14. Be5 Rg8 $14)) 11... Bd6 {[%emt 0:12:48] [#]} (11... Nc6 $11) 12. Bxd6 $146 ({Predecessor:} 12. O-O-O O-O 13. e4 Nb6 14. Bxd6 Qxd6 15. e5 Qe7 16. Nf4 Kg7 17. Nce2 c5 18. dxc5 Qxc5 19. Nxh5+ gxh5 {0-1 (30) Osmonbekov,T (2137)-Milanovic,M (2309) Chess.com INT 2022}) 12... cxd6 13. Nf4 $36 {[%emt 0:00:02][%mdl 2048] White is on the roll.} Qa5 14. Nxg6 Rg8 (14... fxg6 $16 15. Qxg6+ Kd8) 15. Nf4 $18 {[%emt 0:00:21] aiming for Qh7.} Nc6 16. Kf2 (16. Nxh5 Nb4 17. Qd1 O-O-O $18) 16... Rc8 17. Qh7 ({Resist} 17. Nxh5 Rh8) 17... Ne7 18. Qxh5 Ng6 $2 (18... Nf8 19. Nfe2 Nd7) 19. Qh7 Ke7 20. Nxg6+ Rxg6 21. f4 Rcg8 22. Qh5 b5 23. Qe2 b4 24. Nd1 e5 (24... Rh8 {is a better defense.} 25. h5 Rgg8) 25. h5 R6g7 26. c3 b3 27. a3 f6 28. h6 Rh7 29. Qg4 fxg5 30. fxg5 {[%emt 0:00:05] g6 is the strong threat.} Rf7+ (30... Rg6 {was worth a try.} 31. Ke1 Qd8) 31. Ke2 Qb5+ 32. Ke1 $2 ({Only move:} 32. Kd2 $18 Nf8 33. c4) 32... Rgf8 $2 (32... Qd3 $11 {and Black has nothing to worry.}) 33. h7 $4 {[%emt 0:00:28][%mdl 8192] [#]} (33. Qe2 $18) 33... Rf1+ $1 $19 34. Rxf1 Qxf1+ 35. Kd2 {[%emt 0:00:01] [#]} e4 $4 (35... Nb6 $1 {mates} 36. Kc1 Nc4 37. g6 Qd3 38. Qg2 Rf1 39. Qg5+ Kd7 40. Qg4+ Kc7 41. Qc8+ Kxc8 42. h8=R+ Kd7 43. Rh7+ Ke6 44. Re7+ Kxe7 45. dxe5 Rxd1#) 36. g6 $4 (36. Qe2 $18 Qxe2+ 37. Kxe2) 36... Qd3+ {[%emt 0:00:18] Never resign too early!  Weighted Error Value: White=1.10/Black=0.98} 0-1

[Event "44th Chess Olympiad Open 2022"]
[Site "Chennai"]
[Date "2022.08.02"]
[Round "5.72"]
[White "Moncur, Cecil"]
[Black "Wojciechowski, Paul"]
[Result "1/2-1/2"]
[ECO "B26"]
[WhiteElo "1815"]
[BlackElo "1944"]
[Annotator "TA"]
[PlyCount "108"]
[EventDate "2022.07.29"]
[EventType "team-tourn"]
[EventCountry "IND"]
[SourceTitle "playchess.com"]
[Source "ChessBase"]
[SourceQuality "1"]
[WhiteTeam "Bahamas"]
[BlackTeam "Channel Islands"]
[WhiteTeamCountry "BAH"]
[BlackTeamCountry "JCI"]
[TimeControl "40/5400+30:1800+30"]

1. e4 c5 2. Nc3 d6 3. g3 Nc6 4. Bg2 Nf6 5. d3 g6 6. h3 Bg7 7. Be3 a6 8. Qd2 {[%emt 0:00:55] B26: Closed Sicilian: 3 g3, lines with early Be3.} Bd7 9. Nge2 Rb8 10. O-O {[%emt 0:01:10] White is slightly better.} (10. Bh6 $5 O-O 11. Bxg7 Kxg7 12. f4 $11) 10... O-O 11. f4 e6 12. g4 b5 13. Ng3 {[%emt 0:00:55] [#]} Nd4 $146 (13... b4 $11 14. Nce2 Qe7) ({Predecessor:} 13... b4 14. Nd1 Qc7 15. f5 d5 16. Qf2 d4 17. Bf4 e5 18. Bd2 Ne7 19. g5 c4 20. gxf6 Bxf6 {1-0 (47) Wedge,D (1729)-Simpson,J Leamington Spa 2022}) 14. Nce2 (14. e5 $14 dxe5 15. fxe5) 14... Nxe2+ $11 15. Qxe2 Qc7 (15... Bc6 $11) 16. f5 (16. g5 $5 Ne8 17. Rab1 $11) 16... exf5 17. exf5 {[%emt 0:00:41][%cal Be4f5,Bf5f6][%mdl 32] And now g5 would win.} Bc6 18. g5 Nd5 19. f6 (19. Bxd5 $5 Bxd5 20. f6 $11) 19... Nxe3 20. Qxe3 Rfe8 21. Qf2 Bf8 22. Rae1 Bxg2 23. Qxg2 (23. Kxg2 $15 d5 24. Qf3) 23... Qd7 (23... Qa5 $17 24. Ra1 Qa4) 24. Re2 Rxe2 25. Nxe2 d5 (25... Qe6 $15 26. b3 Qe3+ 27. Rf2 Re8) 26. Nf4 d4 27. h4 ({White should play} 27. Re1 $11) 27... Re8 $15 28. h5 (28. Qh3 $142 Qxh3 29. Nxh3) 28... Re5 $17 29. hxg6 fxg6 (29... hxg6 $17 {Strongly threatening ...Qc8.} 30. b3 Qf5) 30. Nh3 Qd5 31. Qf2 {[%emt 0:00:55] Threatening mate with f7+.} Rf5 32. Qg3 Rxf1+ (32... Qxa2 $2 33. Rxf5 Qf7 34. Rf1 $18) 33. Kxf1 $11 {[%emt 0:00:27][%mdl 4096] Endgame KQB-KQN} Bd6 34. Qg4 (34. Qg2 $11 {keeps the balance.} Qe5 35. Qa8+ Bf8 36. Qxa6) 34... Qf5+ $1 $17 ({Don't play} 34... Qxa2 35. Qd7 Bf8 36. Kf2 $11) 35. Qxf5 gxf5 {KB-KN} 36. Kg2 Kf7 37. Kf3 Kg6 $1 38. b3 {[%emt 0:03:25] [#]} (38. Kg2 $17 {was necessary.}) 38... h6 (38... b4 $1 $19 39. Ke2 h6 40. gxh6 Kxh6) 39. gxh6 Kxh6 40. Nf4 Kg5 41. Nd5 Kg6 42. a4 Kf7 43. axb5 axb5 44. c4 dxc3 45. Nxc3 b4 ({Much worse is} 45... Kxf6 $6 46. Nxb5 Ke5 47. Na3 $11) 46. Ne2 (46. Na4 $17) 46... Kxf6 {[%emt 0:00:00] aiming for ...Bf8.} 47. d4 {[%emt 0:00:00] [#]} cxd4 ({Black should try} 47... c4 $1 $17 48. bxc4 b3) 48. Nxd4 $11 Ke5 49. Ne2 Kd5 50. Ke3 f4+ 51. Kf3 $1 {[%emt 0:00:00] The position is equal.} Be5 52. Nc1 $1 (52. Nxf4+ {leads to mate.} Bxf4 53. Kxf4 Kd4 54. Kf5 Kc3 55. Ke4 Kxb3 56. Kd3 Ka2 57. Ke3 b3 58. Kf4 b2 59. Ke5 b1=Q 60. Kf6 Kb3 61. Ke6 Qe4+ 62. Kf7 Kc4 63. Kg7 Kd5 64. Kf6 Qe5+ 65. Kf7 Qg5 66. Ke8 Ke6 67. Kf8 Qg4 68. Ke8 Qg8#) 52... Kd4 {[%emt 0:00:00] ( -> ...Kc3)} 53. Na2 Bd6 54. Nxb4 $1 Bxb4 {[%emt 0:00:02] Black had all chances to win.  Weighted Error Value: White=0.21 (precise) /Black=0.21 (precise)} 1/2-1/2

[Event "44th Chess Olympiad Open 2022"]
[Site "Chennai"]
[Date "2022.08.02"]
[Round "5.75"]
[White "Zebaze Dongmo Loic Dylane"]
[Black "Alharthi, Ahmed Mohammed A"]
[Result "0-1"]
[ECO "A45"]
[WhiteElo "1837"]
[BlackElo "1935"]
[Annotator "TA"]
[PlyCount "35"]
[EventDate "2022.07.29"]
[EventType "team-tourn"]
[EventCountry "IND"]
[SourceTitle "playchess.com"]
[Source "ChessBase"]
[SourceQuality "1"]
[WhiteTeam "CMR"]
[BlackTeam "KSA"]
[TimeControl "40/5400+30:1800+30"]

1. d4 Nf6 2. Bf4 c5 3. c3 Qb6 4. Qb3 Qxb3 5. axb3 cxd4 6. Bxb8 {[%emt 0:00:09] A45: Trompowsky Attack.} Rxb8 7. Rxa7 e5 8. Nf3 {[%emt 0:02:00][%csl LRd4,LRe5] Black is slightly better.} Bc5 9. Ra1 d6 {[%emt 0:05:10] [#]} 10. b4 $146 ({Predecessor:} 10. Nbd2 b5 11. g3 O-O 12. Bg2 Be6 13. Ng5 Bd5 14. O-O Bxg2 15. Kxg2 Nd5 16. Nge4 f5 17. b4 Bxb4 18. cxb4 fxe4 19. Nxe4 Rfd8 20. Ra6 Rb6 {½-½ (20) Da Silva,J (1765)-Gomes,S (1731) Teresina 2016}) 10... Bb6 11. Nbd2 (11. cxd4 $11 {keeps the balance.} exd4 12. Na3) 11... Be6 $36 {[%emt 0:02:10][%mdl 2048] Keeping White busy.} 12. g3 Ng4 {[%emt 0:10:50] Black is more active.} (12... h6 $17 {Threatens to win with ...Ke7.} 13. Bg2 dxc3 14. bxc3 Ke7) 13. Ne4 $2 (13. cxd4 $15 exd4 14. Bh3) 13... dxc3 $19 14. bxc3 {[%emt 0:01:09] [#]} f5 $1 15. Nxd6+ (15. Nfg5 {only move.}) 15... Ke7 16. Bg2 Rhd8 ({Don't go for} 16... Kxd6 $2 17. O-O $19) (16... Ra8 $142 17. Nxf5+ Bxf5) 17. Nb5 $2 (17. Nxb7 {is a better chance.} Rxb7 18. Nxe5 Bxf2+ 19. Kf1 Nxe5 20. Bxb7) 17... Be3 $4 18. Rd1 $4 {[%emt 0:00:00][%mdl 8192] Weighted Error Value: White=0.93/Black=0.73} (18. fxe3 $18 Nxe3 {[#]} 19. Rc1 $1 (19. Nxe5 Nxg2+ 20. Kf2 Rd5 $14) (19. Kf2 Ng4+ 20. Kg1 Ra8 $18)) 0-1

[Event "44th Chess Olympiad Open 2022"]
[Site "Chennai"]
[Date "2022.08.02"]
[Round "5.76"]
[White "Nor, Mohamed Ahmed"]
[Black "da Conceicao, Marcos"]
[Result "1-0"]
[ECO "B90"]
[WhiteElo "1907"]
[BlackElo "1713"]
[Annotator "TA"]
[PlyCount "89"]
[EventDate "2022.07.29"]
[EventType "team-tourn"]
[EventCountry "IND"]
[SourceTitle "playchess.com"]
[Source "ChessBase"]
[SourceQuality "1"]
[WhiteTeam "Somalia"]
[BlackTeam "TLS"]
[WhiteTeamCountry "SOM"]
[TimeControl "40/5400+30:1800+30"]

1. e4 {[%emt 0:00:04] ChessBase II} c5 2. Nf3 Nc6 3. d4 cxd4 4. Nxd4 e5 5. Nf3 Be7 6. Bc4 Nf6 7. Nc3 O-O 8. O-O d6 9. h3 a6 10. a4 Bd7 {[%emt 0:01:44] [#] B90: Sicilian Najdorf: Unusual White 6th moves, 6 Be3 Ng4 and 6 Be3 e5.} (10... Be6 $5 11. Bd5 Rc8 $11) 11. Re1 $146 ({Predecessor:} 11. Be3 Rc8 12. b3 Na5 13. Be2 Rxc3 14. Qd2 Rc8 15. Rad1 Nxe4 16. Qd3 Nc3 17. Rd2 e4 18. Qd4 Nxe2+ 19. Rxe2 exf3 20. gxf3 Bxh3 {0-1 (27) Adler,N-Harris,B Sydney 2002 EXT 2003 [ChessBase II]}) 11... Rc8 12. Bg5 h6 {[%emt 0:02:53] The position is equal.} 13. Bxf6 Bxf6 14. Qxd6 (14. Nd5 $14 {keeps the upper hand.}) 14... Nd4 $17 15. Bb3 Nxf3+ 16. gxf3 Bxh3 (16... Rc6 $1 $17 17. Qd3 Bh4) 17. Qxd8 Rfxd8 18. Rad1 Be6 19. Rxd8+ Rxd8 20. Nd5 Bg5 21. c4 Kh7 22. Bc2 h5 23. Rd1 Kh6 24. b4 Rd6 25. c5 Rc6 26. Ne3 $2 (26. a5 $11) 26... Rc8 (26... Bxe3 $17 27. fxe3 a5) 27. Rd6 Bxe3 28. fxe3 $11 {[%emt 0:00:32][%mdl 4096] Endgame KRB-KRB} Kg5 (28... a5 $5 ) 29. Kh2 (29. a5 $11 {remains equal.}) 29... Kh4 ({Black should try} 29... a5 $1 $17 30. c6 bxc6 31. bxa5 Kf6) 30. f4 (30. a5 $1 $11) 30... exf4 31. exf4 g6 (31... a5 $11 32. c6 (32. f5 Bc4 $15) 32... bxc6) 32. Bd1 ({Only move:} 32. f5 $16 Ba2 33. fxg6) 32... Bg4 33. Bb3 Rf8 $2 (33... a5 $11 34. c6 bxc6 35. bxa5 Ra8) 34. Bd5 $18 Bc8 35. b5 axb5 36. axb5 Kg4 {[%emt 0:00:14] [#]} 37. Rf6 {[%emt 0:00:25] And now c6 would win.} g5 $2 (37... h4 38. Bxf7 Rd8) 38. Bxf7 $2 (38. fxg5 {Strongly threatening g6.} Kxg5 39. Rxf7) 38... Kh4 $2 (38... Rd8) 39. fxg5 (39. e5 $18 {has better winning chances.}) 39... Kxg5 $16 40. e5 (40. Rg6+ $18 Kf4 41. Bd5) 40... Bd7 41. b6 {[%emt 0:34:05] White is more active.} Rc8 42. Rg6+ Kf5 $2 {[%emt 0:00:50][%mdl 8192] [#]} (42... Kf4 $16) 43. e6 $2 (43. Rd6 $1 $18 ) 43... Be8 (43... Bb5 $16) 44. Rg8 $18 Bxf7 45. exf7 {[%emt 0:00:43] Weighted Error Value: White=0.81/Black=0.96} 1-0

[Event "44th Chess Olympiad Open 2022"]
[Site "Chennai"]
[Date "2022.08.02"]
[Round "5.77"]
[White "Sharikhan, Shawal"]
[Black "Mambe, Lobognon Anderson Ol"]
[Result "1/2-1/2"]
[ECO "C11"]
[WhiteElo "1789"]
[BlackElo "1921"]
[Annotator "TA"]
[PlyCount "173"]
[EventDate "2022.07.29"]
[EventType "team-tourn"]
[EventCountry "IND"]
[SourceTitle "playchess.com"]
[Source "ChessBase"]
[SourceQuality "1"]
[WhiteTeam "Brunei"]
[BlackTeam "CIV"]
[WhiteTeamCountry "BRN"]
[TimeControl "40/5400+30:1800+30"]

1. e4 e6 2. d4 d5 3. Nc3 Nf6 4. e5 Nfd7 5. f4 c5 6. Nf3 Qb6 7. Be3 a6 8. Na4 Qa5+ 9. c3 cxd4 10. b4 Qc7 11. Qxd4 (11. Nxd4 b5 12. Nc5 Bxc5 13. bxc5 Nxc5 $17) 11... Nc6 {[%emt 0:01:55] C11: French: Classical System: 4 e5 and 4 Bg5 dxe4.} 12. Qd2 Be7 13. Be2 O-O {[%emt 0:01:45] The position is equal.} 14. O-O b5 15. Nb2 {[%emt 0:00:59] [#]} Bb7 $146 ({Predecessor:} 15... f6 16. a4 Rb8 17. axb5 axb5 18. Nd4 Nxd4 19. cxd4 Nb6 20. Nd3 Nc4 21. Qc3 f5 {½-½ (39) Peschlow,P (2321)-Mundorf,J (2248) Germany 2015}) 16. a4 bxa4 17. Nxa4 ({Much weaker is} 17. Rxa4 f6 $14) 17... Rac8 18. Kh1 Rfd8 (18... f6 $142) 19. Nd4 Nxd4 20. Bxd4 Re8 21. h3 f6 22. Qe3 {[%emt 0:03:14] 0x0.0020b3cfa493dp-1022s more active pieces.} fxe5 23. fxe5 Rf8 24. Nb6 (24. Rxf8+ $16 Rxf8 25. Nb2) 24... Nxb6 $11 25. Bxb6 Qxc3 26. Qxc3 ({White should try} 26. Bg4 $1 $15 Qc6 27. Qd4) 26... Rxf1+ (26... Rxc3 $17 27. Rfb1 d4 28. Bxa6 (28. Bg4 d3 $17) 28... Be4 29. Bxd4 Rc2) 27. Bxf1 Rxc3 28. Bd4 ({Better is} 28. b5 $1 $11) 28... Rb3 (28... Bxb4 $2 29. Bxc3 Bxc3 30. Rb1 $18) (28... Rc7 $15 29. b5 axb5 30. Bxb5 Bc8) 29. b5 $1 Ra3 (29... axb5 $2 30. Ra7 $16) (29... Rb4 $11 {and Black has nothing to worry.} 30. Bc3 Rb3) 30. Rxa3 $18 {[%emt 0:00:51][%mdl 64] Remove Defender} ({Don't take} 30. bxa6 $6 Rxa1 31. Bxa1 Bc6 $16) 30... Bxa3 31. bxa6 {[%emt 0:00:20][%mdl 4096] Endgame KBB-KBB} Ba8 32. Kg1 Kf7 33. Bd3 g6 34. Kf2 Bc6 35. a7 Ke7 36. Ke1 Kd8 37. Kd2 Bb4+ 38. Kc2 Ba5 39. g4 Kc7 {[%emt 0:00:13] [#]} 40. Bb5 $1 {[%emt 0:03:16][%mdl 512] Threatening mate with Bxc6.} Ba8 (40... Bb7 41. g5) 41. Be8 (41. h4 $18) 41... Kd8 (41... g5 $16 42. Be3 h6) 42. Bb5 Kc7 43. Kd3 Bb4 44. Kc2 $2 (44. Be3 $18) 44... Be1 $2 (44... Ba5 $1 $11) 45. Kb3 Bd2 46. Ka4 Bf4 $2 (46... g5 $16 {keeps fighting.} 47. Ka3 Bb7) 47. Be8 $1 Bd2 $2 (47... Kd8) 48. Kb5 {[%emt 0:01:32] aiming for Bb6+.} Be1 49. Bb6+ Kc8 50. Bc6 Bb7 51. a8=Q+ Bxa8 52. Bxa8 {[%emt 0:00:16] Strongly threatening Kc6.} Bc3 53. Bc6 Bxe5 54. Kb4 (54. Be8 $142 Bc7 55. Bxc7 Kxc7 56. Kc5) 54... Bf6 $2 (54... Bd6+ 55. Kb5 Be7) 55. Kb3 {[%emt 0:00:00] Kb4 is the strong threat.} Bg7 56. Kc2 Bf6 57. Kd3 Bg7 $2 (57... h5 58. Be8 hxg4) 58. Bd4 Bf8 (58... Bh6 59. Bf6 Bc1) 59. Bf6 Ba3 60. Be8 Kc7 61. Be5+ Kd8 62. Bf7 Ke7 63. Bg8 h6 64. h4 Bc1 $2 (64... Bd6) 65. h5 (65. Ke2 $142 Kd7 66. Bh7) 65... gxh5 66. gxh5 Bg5 67. Ke2 (67. Bh7 $18) 67... Bc1 (67... Bf6 $16 {is a better defense.}) 68. Kf2 (68. Bh7 $1 $18) 68... Bg5 $16 69. Kf3 Bd2 (69... Bf6 $16) 70. Bh7 $18 Kf7 71. Bg6+ Ke7 72. Ke2 Bg5 73. Kd3 Bc1 (73... Bh4 $142 74. Bd4 Bg5 75. Bc5+ Kd7) 74. Kc2 Be3 75. Kb3 Bg5 76. Ka4 Bf6 77. Bb8 e5 {[%emt 0:00:00] [#]} (77... Bg5 $16 {was necessary.} 78. Be5 Bf6) 78. Bf5 $2 (78. Kb5 $1 $18) 78... Bg7 $11 79. Kb5 {[%emt 0:00:00] Black must now prevent Kc6.} Kf6 80. Bg6 {[%emt 0:00:00] Threatens to win with Kc6.} Ke6 $2 (80... Kg5 $1 $11 {and Black is okay.}) 81. Kb4 (81. Bc7 $18) 81... Bf6 {[%emt 0:00:00] White is better.} 82. Kb3 Bg5 83. Kc2 e4 84. Bg3 Be3 {[%emt 0:00:00] [#]} 85. Kd1 $1 Kf6 86. Ke2 Bg5 87. Bb8 {[%emt 0:02:35] Weighted Error Value: White=0.46/Black=0.47} 1/2-1/2

[Event "44th Chess Olympiad Open 2022"]
[Site "Chennai"]
[Date "2022.08.02"]
[Round "5.78"]
[White "Arnold Smith"]
[Black "Bongo Ngombele, Tary"]
[Result "1-0"]
[ECO "C50"]
[WhiteElo "1931"]
[BlackElo "1688"]
[Annotator "TA"]
[PlyCount "83"]
[EventDate "2022.07.29"]
[EventType "team-tourn"]
[EventCountry "IND"]
[SourceTitle "playchess.com"]
[Source "ChessBase"]
[SourceQuality "1"]
[WhiteTeam "Liberia"]
[BlackTeam "Gabun"]
[WhiteTeamCountry "LBR"]
[BlackTeamCountry "GAB"]
[TimeControl "40/5400+30:1800+30"]

1. e4 e5 2. Nf3 Nc6 3. d4 exd4 4. Bc4 Be7 5. Nxd4 Nf6 6. Nxc6 dxc6 {[%emt 0:00:27] 6...dxc6 is better than 6...bxc6.} 7. Qxd8+ Bxd8 8. O-O {[%emt 0:00:48] C50: Hungarian Defence and Giuoco Pianissimo.} O-O 9. Re1 Re8 10. f3 {[%emt 0:01:20] The position is equal.} b5 {[%emt 0:00:55] [#]} 11. Bb3 $146 ({Predecessor:} 11. Bf1 Be7 12. Be3 Bd7 13. Nd2 Be6 14. Nb3 a6 15. c3 Bf8 16. Kf2 Nd7 17. Nd4 {1-0 (37) Damm,K (2241)-Kristensen,J (2264) Esbjerg 2004}) 11... Be7 12. Nc3 Bc5+ 13. Be3 Bb6 14. Rad1 b4 (14... Nd7 $11 {remains equal.}) 15. Na4 $16 Bxe3+ ({Black should play} 15... Nd7) 16. Rxe3 Ba6 (16... Nd7 $16 {keeps fighting.} 17. Red3 Ne5) 17. Nc5 $18 Bb5 18. e5 a5 19. Kf2 {[%emt 0:03:12] 0x0.002363f5f485dp-1022s more active pieces.} Nd5 20. Bxd5 cxd5 21. Rxd5 Bc4 (21... Red8 $142 22. Rxd8+ Rxd8) 22. Rd1 ({Don't do} 22. Rd7 Bxa2 23. Re4 (23. Rxc7 Rec8 $11) 23... Rad8 $14) 22... Bxa2 $2 (22... Red8 $16 {might work better.} 23. Ree1 Kf8) 23. b3 $1 Rad8 24. Nd3 $2 (24. Ree1 $18) 24... a4 $16 25. bxa4 Ra8 (25... c5 $142) 26. Nxb4 Rxa4 27. Nxa2 Rxa2 {[%emt 0:00:08][%mdl 4096] Endgame KRR-KRR} 28. Rc3 Ra7 29. Rd7 Rc8 (29... Kf8 $16 30. f4 (30. Rdxc7 Rxc7 31. Rxc7 Rxe5 $16) 30... Re7) 30. e6 fxe6 31. Rc6 e5 32. Re6 {[%emt 0:00:28] And now Ree7 would win.} Ra2 33. Ree7 ({But not} 33. Rxe5 Rxc2+ 34. Kg3 Rc6 $16) 33... Rxc2+ 34. Kg3 Kh8 35. Rxg7 Rg8 36. Rxg8+ Kxg8 {[%emt 0:00:08] KR-KR} 37. Re7 Rc5 38. Kg4 c6 (38... h5+ $16 39. Kxh5 Kf8) 39. h4 $1 $18 Rc4+ {[%emt 0:07:04] [#]} 40. Kg5 $1 Rc2 $2 {[%emt 0:02:50] [#]} (40... Rd4 41. Rxe5 Rd7) 41. Kf6 $1 Rxg2 42. Re8# {[%emt 0:00:27] Weighted Error Value: White=0.23 (precise) /Black=0.60} 1-0